 Dungeon Crawl Stone Soup version 0.27-a0-1555-g0e7b3fb1d2 (webtiles) character file.

Game seed: 18243150477839846735

452 HilariousDeathArtist the Fighter (level 7, -6/69 HPs)
             Began as a Hill Orc Artificer on July 14, 2021.
             Was an Initiate of Beogh.
             Mangled by an ogre (28 damage)
             ... on level 5 of the Dungeon.
             The game lasted 00:08:32 (5888 turns).

HilariousDeathArtist the Fighter (HOAr)             Turns: 5888, Time: 00:08:32

Health: -6/69      AC:  4    Str: 15    XL:     7   Next: 5%
Magic:  7/7        EV: 11    Int: 11    God:    Beogh [......]
Gold:   117        SH:  0    Dex: 13    Spells: 6/6 levels left

rFire    . . .     SeeInvis .   a - +3 dagger
rCold    . . .     Faith    .   (no shield)
rNeg     . . .     Spirit   .   c - +0 leather armour {rPois}
rPois    +         Reflect  .   m - +0 helmet
rElec    .         Harm     .   (no cloak)
rCorr    .         Rampage  .   (no gloves)
Will     .....                  (no boots)
Stlth    +.........             (no amulet)
HPRegen  0.21/turn              (no ring)
MPRegen  0.10/turn              (no ring)

@: no status effects
A: no striking features
a: Renounce Religion


You were on level 5 of the Dungeon.
You worshipped Beogh.
Beogh was noncommittal.
You visited 1 branch of the dungeon, and saw 5 of its levels.

You collected 117 gold pieces.

Inventory:

Hand Weapons
 a - a +3 dagger (weapon)
   (You found it on level 1 of the Dungeon)
 b - a +1 morningstar of distortion {!w}
   (You took it off an orc on level 3 of the Dungeon)
 j - a +1 dagger of protection
   (You took it off a kobold on level 3 of the Dungeon)
Missiles
 f - 10 poisoned darts
 k - a throwing net {!d}
 l - 7 boomerangs
 n - 32 bolts
 o - 57 sling bullets
 s - 93 stones
 u - 14 arrows
Armour
 c - a +0 leather armour of poison resistance (worn)
   (You took it off an orc on level 3 of the Dungeon)
 m - a +0 helmet (worn)
   (You found it on level 2 of the Dungeon)
 p - a +1 robe of willpower
   (You took it off Jessica on level 2 of the Dungeon)
Magical Staves
 r - a staff of conjuration {!a}
   (You found it on level 5 of the Dungeon)
Wands
 e - a wand of charming (15)
 i - a wand of iceblast (7)
   (You found it on level 5 of the Dungeon)
 q - a wand of flame (35)
 y - a wand of mindburst (17)
   (You found it on level 5 of the Dungeon)
Scrolls
 h - a scroll of enchant armour
 X - 2 scrolls of magic mapping {@r4!r}
 Y - a scroll of teleportation {@r3}
Potions
 J - 4 potions of curing {@q1}
Miscellaneous
 d - a piece from Xom's chessboard (15/15)


   Skills:
 + Level 8.5 Fighting
 - Level 2.1 Armour
 - Level 0.7 Dodging
 - Level 0.7 Stealth
 - Level 3.0 Evocations


You had 6 spell levels left.
You didn't know any spells.
Your spell library contained the following spells:

 Spells                   Type           Power      Damage    Failure   Level
 Frozen Ramparts          Ice            0%         1d2       78%         3
 Ice Form                 Ice/Tmut       0%         N/A       99%         4
 Summon Ice Beast         Ice/Summ       0%         N/A       99%         4


Dungeon Overview and Level Annotations

Branches:
Dungeon (5/15)
 Temple: D:4-7

Altars:
Gozag

Shops:
D:2 :

Annotations:
D:3 1 runed translucent door, Crazy Yiuf


Message History

f - 15 poisoned darts (gained 1)
v - a scroll labelled WUDDECV QAVUL
Y - a scroll of teleportation {@r3}
Okay, then.
As you read the scroll of identify {@r1}, it crumbles to dust.
v - a scroll of noise Drop what? 25/52 slots (_ for help) (? for menu, Esc to quit)
You drop a scroll of noise {!r}.
Drop what? 24/52 slots (_ for help) (? for menu, Esc to quit)
You drop a +0 club.
Adjust (i)tems, (s)pells, or (a)bilities?
g - a +3 dagger (weapon)
Adjust to which letter? (? for menu, Esc to quit)
a - a +3 dagger (weapon)
Unknown command.
You open the door. 5 goblins and an ogre come into view.
The goblin shouts!
The ogre shouts!
The goblin shouts! x2
A goblin comes into view. It is wielding a +0 dagger.
The goblin moves out of view.
You hear a shout!
There are monsters nearby!
There are monsters nearby!
You hear a shout!
The goblin shouts!
Okay, then.
You miss the goblin. The goblin hits you but does no damage.
You hit the goblin.
You kill the goblin!
Beogh accepts your kill.
You hit the goblin. The goblin hits you with a +0 club.
You take 4 damage, and have 65/69 hp.
You hit the goblin.
You kill the goblin!
Beogh accepts your kill.
You hit the goblin.
You kill the goblin!
Beogh accepts your kill.
Things that are here:
a +0 club; a +0 club; a +0 dagger The ogre hits you with a +0 giant spiked club!
You take 9 damage, and have 57/69 hp.
Throw: 15 darts (poison)
Aim: an ogre, wielding a +0 giant spiked club (76% to hit)
You throw a poisoned dart. The poisoned dart hits the ogre.
The ogre is poisoned.
Throw: 14 darts (poison)
Aim: an ogre, wielding a +0 giant spiked club (lightly wounded, poisoned, 76% to hit)
You throw a poisoned dart. The poisoned dart hits the ogre.
The ogre looks even sicker.
The ogre hits you with a +0 giant spiked club!!
You take 27 damage, and have 32/69 hp.
MASSIVE DAMAGE!!
The ogre looks more healthy.
You see here a +0 giant club.
There is an open door here.
Throw: 13 darts (poison)
Aim: an ogre, wielding a +0 giant spiked club (moderately wounded, 76% to hit)
You throw a poisoned dart. The poisoned dart hits the ogre.
The ogre is poisoned.
The ogre barely misses you.
Throw: 12 darts (poison)
Aim: an ogre, wielding a +0 giant spiked club (moderately wounded, poisoned, 76% to hit)
You throw a poisoned dart. The poisoned dart hits the ogre.
The ogre hits you with a +0 giant spiked club.
You take 6 damage, and have 34/69 hp.
Throw: 11 darts (poison)
Aim: an ogre, wielding a +0 giant spiked club (moderately wounded, poisoned, 76% to hit)
You throw a poisoned dart.
The poisoned dart barely misses the ogre.
The poisoned dart misses the goblin.
The poisoned dart barely misses the goblin.
The ogre looks more healthy.
As you open the door, it creaks loudly!
The ogre hits you with a +0 giant spiked club!
You take 10 damage, and have 26/69 hp.
There is an open door here.
Things that are here:
a +0 club; a scroll of noise {!r} You see here a poisoned dart.
You see here a poisoned dart.
Okay, then.
Okay, then.
You hit the ogre.
The ogre hits you with a +0 giant spiked club!!
* * * LOW HITPOINT WARNING * * *
You take 22 damage, and have 7/69 hp.
MASSIVE DAMAGE!!
Okay, then.
Okay, then.
You see here a +0 giant club.
There is an open door here.
There is an open door here.
Things that are here:
a +0 club; a scroll of noise {!r} You see here a poisoned dart.
You see here a poisoned dart.
A goblin comes into view. It is wielding a +0 dagger.
The goblin shouts!
The ogre hits you with a +0 giant spiked club!!
You die...

#.........####....#
##.......## ##.#.#
##.....## ###.#
##...## #g# ##'##
#(# #.# #g# #.#
#########.#
####.###......gO.#
##.....g.....###@.#
....gg..#.##.###..#
.#.....##.##......#
.#..#.###.######.##
....#.# #.# #.#
.##.#.# #.# #.#
....#.# #.. ..#
#####.# ### ### #.#


You could see an ogre and 3 goblins.

Vanquished Creatures
  An ogre (D:5)
  A bullfrog (D:5)
  A howler monkey (D:4)
  A hound (D:5)
  Jessica (D:2)
  Terence (D:2)
  3 iguanas (D:5)
  2 adders (D:2)
  A worm (D:2)
  3 dart slugs
  8 orcs
  6 ball pythons
  7 endoplasms
  A giant cockroach (D:2)
  7 goblins
  2 hobgoblins (D:2)
  4 jackals (D:2)
  5 kobolds
  4 quokkas
  11 bats
  A frilled lizard (D:1)
  2 rats
73 creatures vanquished.

Vanquished Creatures (others)
  2 orcs (D:3)
  An endoplasm (D:3)
  2 goblins (D:3)
  A hobgoblin (D:3)
  A bat (D:3)
  A rat (D:3)
8 creatures vanquished.

Grand Total: 81 creatures vanquished

Notes
Turn   | Place    | Note
-------+----------+-------------------------------------------
     0 | D:1      | HilariousDeathArtist the Hill Orc Artificer began the quest
                  | for the Orb.
     0 | D:1      | Reached XP level 1. HP: 16/16 MP: 1/1
    66 | D:1      | Reached skill level 2 in Fighting
   346 | D:1      | Reached XP level 2. HP: 19/25 MP: 2/2
   709 | D:1      | Reached skill level 3 in Fighting
  1081 | D:1      | Reached XP level 3. HP: 31/31 MP: 3/3
  1304 | D:2      | Reached skill level 4 in Fighting
  1811 | D:2      | Found Xiecoatz's Book Shop.
  1862 | D:2      | Reached XP level 4. HP: 26/41 MP: 4/4
  2168 | D:2      | Noticed Terence
  2201 | D:2      | Killed Terence
  2202 | D:2      | Reached skill level 5 in Fighting
  2609 | D:2      | Noticed Jessica
  2616 | D:2      | Killed Jessica
  2617 | D:2      | Reached XP level 5. HP: 37/50 MP: 5/5
  2739 | D:3      | Became a worshipper of Beogh the Brigand
  3372 | D:3      | Found a faded altar of an unknown god.
  3444 | D:3      | Found a runed translucent door.
  3445 | D:3      | Noticed Crazy Yiuf
  4022 | D:4      | Reached skill level 6 in Fighting
  4175 | D:4      | Found an opulent altar of Gozag.
  4196 | D:4      | Noticed a phantom
  4297 | D:3      | HP: 9/50 [phantom (8)]
  4853 | D:5      | Entered Level 5 of the Dungeon
  4988 | D:5      | HP: 19/76 [hound (1)]
  4992 | D:5      | Reached skill level 7 in Fighting
  4992 | D:5      | Reached XP level 6. HP: 24/60 MP: 6/6
  4995 | D:5      | HP: 19/90 [bullfrog (6)]
  5001 | D:5      | HP: 10/90 [bullfrog (4)]
  5312 | D:5      | Reached skill level 8 in Fighting
  5471 | D:5      | Reached XP level 7. HP: 30/69 MP: 7/7
  5818 | D:5      | HP: 7/69 [ogre (22)]
  5888 | D:5      | Mangled by an ogre

Illustrated notes

Levels and vault maps discovered:
D:1:      scummos_arrival_hexagon, layout_basic
D:2:      layout_basic, serial_shops, nicolae_shop_window_shopping,
          uniq_jessica, uniq_terence
D:3:      layout_basic, hellmonk_ecumenical_altar_pennies_from_heaven,
          uniq_crazy_yiuf_cottage
D:4:      layout_layer_cave, marbit_many_paths
D:5:      layout_loops_corners, minmay_ogre_servants, uniq_edmund

Skill      XL: |  1  2  3  4  5  6 |
---------------+-------------------+-----
Fighting       | 2 3 4 5 7 8 |  8.5
Armour         | |  2.1
Dodging        | |  0.7
Stealth        | |  0.7
Evocations     | |  3.0

Action                   |  1- 3 |  4- 6 |  7- 9 || total
-------------------------+-------+-------+-------++-------
Melee: Club              |    46 |       |       ||    46
       Dagger            |    97 |   168 |     6 ||   271
Throw: Stone             |     9 |       |       ||     9
       Dart              |       |    38 |     5 ||    43
Invok: Convert to Beogh  |       |     1 |       ||     1
  Use: Scroll            |       |     5 |     1 ||     6
       Potion            |       |     2 |       ||     2
 Stab: Sleeping          |     2 |       |       ||     2
Armor: Leather armour    |    34 |    22 |     1 ||    57
       Chain mail        |    20 |    25 |       ||    45
       Skin              |       |    18 |       ||    18
       Robe              |       |     3 |       ||     3
Dodge: Dodged            |   108 |    88 |     1 ||   197

Table legend: (Time is in decaauts)
 A = Elapsed time spent in this place.
 B = Non-inter-level travel time spent in this place.
 C = Inter-level travel time spent in this place.
 D = Time resting spent in this place.
 E = Time spent auto-exploring this place.
 F = Levels seen in this place.
 G = Mean time per level.
                   A        B        C        D        E       F      G
               +--------+--------+--------+--------+--------+-----+--------+
         Total |   5906 |   5784 |    122 |   2121 |   2534 |   5 | 1181.2 |
       Dungeon |   5906 |   5784 |    122 |   2121 |   2534 |   5 | 1181.2 |
               +--------+--------+--------+--------+--------+-----+--------+

Top non-repeatable levels by time:
     D:2: 1770 daAuts
     D:3: 1345 daAuts
     D:1: 1217 daAuts
     D:5: 1031 daAuts
     D:4: 542 daAuts

Table legend:
 A = Kills in this place as a percentage of kills in entire the game.
 B = Kills by you in this place as a percentage of kills by you in the entire game.
 C = Kills by friends in this place as a percentage of kills by friends in the entire game.
 D = Other kills in this place as a percentage of other kills in the entire game.
 E = Experience gained in this place as a percentage of experience gained in the entire game.
 F = Experience gained in this place divided by the number of levels of this place that you have seen.
                   A       B       C       D       E      F
               +-------+-------+-------+-------+-------+----------------------
         Total | 100.0 | 100.0 |   N/A | 100.0 | 100.0 | 129.4
       Dungeon | 100.0 | 100.0 |   N/A | 100.0 | 100.0 | 129.4
               +-------+-------+-------+-------+-------+----------------------
